 Dungeon Crawl Stone Soup version 0.27.0-1-g7a089689b8 (webtiles) character file.

Game seed: 7865407411912723712

10698 gimp the Thaumaturge (level 11, -7/79 HPs)
             Began as a Mummy Warper on Aug 10, 2021.
             Was an Elder of Cheibriados.
             Mangled by an eight-headed hydra (13 damage)
             ... on level 10 of the Dungeon.
             The game lasted 00:30:14 (13721 turns).

gimp the Thaumaturge (Mummy Warper)                Turns: 13721, Time: 00:30:14

Health: -7/79      AC: 11    Str: 25    XL:     11   Next: 39%
Magic:  13/25      EV: 15    Int: 23    God:    Cheibriados [****..]
Gold:   488        SH:  0    Dex: 24    Spells: 21/30 levels left

rFire    x . .     SeeInvis .   a - +2 dagger (elec)
rCold    + . .     Faith    .   (no shield)
rNeg     + + +     Spirit   .   F - +0 troll leather armour
rPois    ∞         Reflect  .   (no helmet)
rElec    .         Harm     .   x - +0 cloak
rCorr    +         Rampage  .   i - +0 pair of gloves
Will     +....                  j - +0 pair of boots
Stlth    +++.......             n - amulet of the acrobat
HPRegen  1.23/turn              v - ring of resist corrosion
MPRegen  0.19/turn              G - +4 ring of protection

@: very slow
A: cold resistance 1, negative energy resistance 3, torment resistance 2, heat
vulnerability 1, no potions
a: Renounce Religion, Bend Time, Temporal Distortion, Slouch


You were on level 10 of the Dungeon.
You worshipped Cheibriados.
Cheibriados was greatly pleased with you.
You visited 2 branches of the dungeon, and saw 12 of its levels.

You collected 488 gold pieces.

Inventory:

Hand Weapons
 a - a +2 dagger of electrocution (weapon)
 b - a +1 dagger of venom
 h - a +0 hunting sling
Missiles
 d - 5 boomerangs of dispersal
 p - 5 silver javelins
 q - 55 poisoned darts (quivered)
 r - 23 boomerangs
 s - 3 throwing nets
 y - 4 javelins
Armour
 i - a +0 pair of gloves (worn)
 j - a +0 pair of boots (worn)
 l - a +0 kite shield
 x - a +0 cloak (worn)
 F - a +0 troll leather armour (worn)
Jewellery
 n - an amulet of the acrobat (around neck)
 v - a ring of resist corrosion (left hand)
 z - a ring of flight
 A - a +6 ring of dexterity
 D - a ring of see invisible
 G - a +4 ring of protection (right hand)
Wands
 k - a wand of paralysis (3)
 t - a wand of flame (33)
 w - a wand of iceblast (2)
 B - a wand of acid (3)
 C - a wand of digging (4)
Scrolls
 c - 2 scrolls of blinking
 e - a scroll of amnesia
 f - 2 scrolls of vulnerability
 g - 6 scrolls of teleportation
 m - 2 scrolls of fog
 o - a scroll of immolation
 u - a scroll of enchant armour
 H - a scroll of magic mapping


   Skills:
 - Level 5.0 Fighting
 - Level 6.4 Short Blades
 - Level 6.0 Throwing
 - Level 0.7 Armour
 - Level 5.0 Dodging
 - Level 5.0 Stealth
 + Level 10.3 Spellcasting
 - Level 2.4 Translocations
 - Level 5.0 Invocations
 - Level 5.0 Evocations


You had 21 spell levels left.
You knew the following spells:

 Your Spells              Type           Power      Damage    Failure   Level
a - Apportation           Tloc           44%        N/A       2%          1
b - Blink                 Tloc           N/A        N/A       3%          2
c - Lesser Beckoning      Tloc           11%        N/A       7%          3
d - Teleport Other        Tloc           22%        N/A       7%          3

Your spell library contained the following spells:

 Spells                   Type           Power      Damage    Failure   Level
 Animate Skeleton         Necr           22%        N/A       6%          1
 Corona                   Hex            12%        N/A       6%          1
 Summon Small Mammal      Summ           44%        N/A       6%          1
 Gell's Gravitas          Tloc           11%        N/A       7%          3
 Slow                     Hex            11%        N/A       10%         2
 Confusing Touch          Hex            11%        N/A       19%         3
 Inner Flame              Hex/Fire       11%        N/A       19%         3
 Vampiric Draining        Necr           5%         2d6       19%         3
 Cause Fear               Hex            5%         N/A       54%         4
 Manifold Assault         Tloc           22%        N/A       54%         5
 Discord                  Hex            5%         N/A       100%        8


Dungeon Overview and Level Annotations

Branches:
Dungeon (11/15)            Temple (1/1) D:4            Lair (0/6) D:9
    Orc: D:9-12

Altars:
Ashenzari
Cheibriados
Dithmenos
Elyvilon
Fedhas
Gozag
Kikubaaqudgha
Makhleb
Nemelex Xobeh
Okawaru
Qazlal
Ru
Sif Muna
Trog
Uskayaw
Vehumet
Wu Jian
Yredelemnul
Zin
The Shining One


Innate Abilities, Weirdness & Mutations

You are immune to poison.
Your flesh is cold resistant. (rC+)
You are immune to negative energy. (rN+++)
You are immune to unholy pain and torment.
You are vulnerable to heat. (rF-)
You do not drink.


Message History

You warp the flow of time around you!
You now have 12/25 mp.
Aiming: Iceblast
Press: ? - help, Shift-Dir - straight line, f - eight-headed hydra
Aim: an eight-headed hydra (lightly wounded)
The mass of ice explodes!
The iceblast engulfs the eight-headed hydra!
The eight-headed hydra is moderately wounded.
You hear a shout! x5
Aiming: Corrosive Bolt
Press: ? - help, Shift-Dir - straight line, f/p - eight-headed hydra
Aim: an eight-headed hydra (moderately wounded, 91% to hit)
The bolt of acid hits the eight-headed hydra!!
The eight-headed hydra is splashed with acid.
The acid corrodes the eight-headed hydra!
The eight-headed hydra is severely wounded.
The bolt of acid hits the centaur warrior zombie!!
The centaur warrior zombie is splashed with acid!
The acid corrodes the centaur warrior zombie!
You destroy the centaur warrior zombie!
Cheibriados thoroughly appreciates the change of pace.
Training target 5.0 for Evocations reached!
Your Evocations skill increases to level 5!
Aiming: Corrosive Bolt
Press: ? - help, Shift-Dir - straight line, f/p - eight-headed hydra
Aim: an eight-headed hydra (severely wounded, covered in acid, 91% to hit)
The bolt of acid hits the eight-headed hydra!
The eight-headed hydra is splashed with acid.
The eight-headed hydra seems to be corroded for longer.
The eight-headed hydra is almost dead.
You hear a shout! x2
The eight-headed hydra bites you!
* * * LOW HITPOINT WARNING * * *
The eight-headed hydra barely misses you.
The eight-headed hydra bites you!
* * * LOW HITPOINT WARNING * * *
The eight-headed hydra bites you but does no damage.
The eight-headed hydra bites you!
* * * LOW HITPOINT WARNING * * *
The eight-headed hydra bites you!
You die...

########.#≈≈≈# #.#
.........#≈≈≈# #.#
....##.#.#≈≈≈#####.#
.(.....#.#≈≈≈#.....#######.
....##.#.#≈≈S#####.........
.........# #.########
.....#..... #...#
####...#...##.######.#
######.#####...D@))#.###
.....#.# #.#####.....#
..... .. #.....# ...##
#.....# ##+# #o....# #
#.....# # #.....# # #.....#
#.....#


You could see an eight-headed hydra (corroded).

Vanquished Creatures
  2 two-headed ogres (D:11)
  Urug (D:11)
  Pikel (D:8)
  Psyche (D:8)
  2 komodo dragons
  2 trolls (D:11)
  2 hornets (D:9)
  2 shadows
  A vampire (D:11)
  5 yaks (D:9)
  3 wyverns
  Grum (D:11)
  4 water moccasins (D:9)
  A hornet zombie (D:6)
  An ice beast (D:7)
  2 sky beasts
  6 orc warriors
  3 black bears
  A centaur (D:9)
  3 wolves (D:11)
  4 lemures
  A kobold brigand (D:7)
  5 bullfrogs
  3 wyvern zombies
  4 gnoll sergeants
  A scorpion (D:2)
  A wyvern skeleton (D:6)
  4 howler monkeys (D:7)
  3 wights (D:8)
  3 centaur zombies
  A jelly (D:6)
  10 orc priests
  A hound (D:5)
  A centaur skeleton (D:5)
  2 iguanas
  A bullfrog skeleton (D:5)
  9 orc wizards
  4 hell rats (D:7)
  A killer bee zombie (D:5)
  A hound skeleton (D:4)
  22 gnolls
  6 adders
  6 river rats (D:7)
  A shadow imp (D:6)
  2 white imps
  A worm (D:4)
  2 dart slugs
  32 orcs
  2 ball pythons (D:2)
  6 endoplasms
  2 giant cockroaches (D:3)
  4 goblins
  7 hobgoblins
  7 jackals (D:1)
  11 kobolds
  6 quokkas
  3 bats
  4 frilled lizards
  18 rats
246 creatures vanquished.

Vanquished Creatures (others)
  An orc (D:8)
  A kobold (D:8)
  51 fungi (D:9)
  66 plants (D:9)
119 creatures vanquished.

Grand Total: 365 creatures vanquished

Notes
Turn   | Place    | Note
-------+----------+-------------------------------------------
     0 | D:1      | gimp the Mummy Warper began the quest for the Orb.
     0 | D:1      | Reached XP level 1. HP: 16/16 MP: 4/4
   302 | D:1      | Reached XP level 2. HP: 22/22 MP: 5/5
   565 | D:1      | You fall into a shaft and drop 1 floor!
   755 | D:2      | Reached XP level 3. HP: 25/28 MP: 7/7
  1447 | D:2      | Noticed a scorpion
  1451 | D:2      | Killed a scorpion
  1452 | D:2      | Reached XP level 4. HP: 35/35 MP: 8/8
  1603 | D:2      | Found a faded altar of an unknown god.
  2331 | D:3      | Noticed a sky beast
  3185 | D:3      | Found a faded altar of an unknown god.
  3185 | D:3      | Found a broken altar of Ashenzari.
  3195 | D:3      | Found a basalt altar of Yredelemnul.
  3303 | D:3      | Reached XP level 5. HP: 39/41 MP: 9/9
  3700 | D:4      | Found a staircase to the Ecumenical Temple.
  3707 | Temple   | Entered the Ecumenical Temple
  3777 | Temple   | Became a worshipper of Cheibriados the Contemplative
  4049 | D:5      | Entered Level 5 of the Dungeon
  4450 | D:4      | Reached XP level 6. HP: 27/48 MP: 10/10
  4884 | D:5      | Noticed a sky beast
  4898 | D:5      | Killed a sky beast
  4899 | D:5      | Reached skill level 5 in Short Blades
  5026 | D:5      | Reached XP level 7. HP: 46/55 MP: 11/11
  5117 | D:5      | Identified the +0 scale mail "Ufunivva" {*Slow +Blink rC++
                  | Stlth+}
  5731 | D:6      | Found a radiant altar of Vehumet.
  5779 | D:6      | Found an ancient bone altar of Kikubaaqudgha.
  5783 | D:6      | Reached skill level 5 in Fighting
  5790 | D:6      | Found a shimmering blue altar of Sif Muna.
  5797 | D:6      | Reached * piety under Cheibriados
  5877 | D:6      | Learned a level 1 spell: Apportation
  5886 | D:6      | Learned a level 2 spell: Blink
  5890 | D:6      | Learned a level 3 spell: Lesser Beckoning
  6298 | D:6      | HP: 1/56 [orc warrior (7)]
  6803 | D:6      | Reached skill level 1 in Throwing
  6827 | D:6      | Reached XP level 8. HP: 47/62 MP: 12/12
  7600 | D:7      | Reached ** piety under Cheibriados
  8554 | D:7      | Reached *** piety under Cheibriados
  8713 | D:8      | Noticed Psyche
  8764 | D:7      | Reached skill level 5 in Throwing
  8764 | D:7      | Reached XP level 9. HP: 53/68 MP: 13/13
  9974 | D:8      | Noticed Pikel
  9983 | D:8      | Killed Pikel
  9984 | D:8      | Reached skill level 5 in Dodging
  9984 | D:8      | Reached skill level 1 in Stealth
  9984 | D:8      | Reached skill level 1 in Invocations
 10017 | D:8      | Reached skill level 3 in Spellcasting
 10028 | D:8      | Killed Psyche
 10235 | D:8      | Found an iron altar of Okawaru.
 10256 | D:8      | Reached skill level 4 in Spellcasting
 10567 | D:9      | Reached **** piety under Cheibriados
 10612 | D:9      | Noticed a komodo dragon
 10615 | D:9      | Learned a level 3 spell: Teleport Other
 10624 | D:9      | Killed a komodo dragon
 10926 | D:9      | Reached skill level 5 in Spellcasting
 10926 | D:9      | Reached XP level 10. HP: 39/74 MP: 17/17
 11248 | D:9      | Found a staircase to the Lair.
 11314 | D:9      | Reached skill level 6 in Spellcasting
 12059 | D:9      | Reached skill level 5 in Invocations
 12093 | D:9      | Reached ***** piety under Cheibriados
 12094 | D:9      | Reached skill level 5 in Stealth
 12128 | D:9      | Reached skill level 7 in Spellcasting
 12236 | D:9      | Found a shadowy altar of Dithmenos.
 12245 | D:9      | Reached skill level 1 in Evocations
 12574 | D:9      | You fall into a shaft and drop 2 floors!
 12652 | D:11     | Noticed a two-headed ogre
 12658 | D:11     | Killed a two-headed ogre
 12659 | D:11     | Reached skill level 8 in Spellcasting
 12681 | D:11     | Noticed a two-headed ogre
 12686 | D:11     | Killed a two-headed ogre
 12687 | D:11     | Reached XP level 11. HP: 79/79 MP: 23/23
 13035 | D:11     | Reached skill level 9 in Spellcasting
 13304 | D:11     | Noticed Grum
 13314 | D:11     | Noticed Urug
 13319 | D:11     | Killed Grum
 13323 | D:11     | Killed Urug
 13421 | D:10     | Entered Level 10 of the Dungeon
 13610 | D:10     | Noticed a sea snake
 13642 | D:10     | Reached skill level 10 in Spellcasting
 13672 | D:10     | Noticed a sea snake
 13710 | D:10     | Noticed an eight-headed hydra
 13721 | D:10     | Reached skill level 5 in Evocations
 13721 | D:10     | Mangled by an eight-headed hydra

Illustrated notes

Levels and vault maps discovered:
D:1:      dpeg_arrival_boxes_within_box, layout_basic, hangedman_decor_points
D:2:      layout_basic, hellmonk_ecumenical_altar_zigzags, minmay_hexomino_c4
D:3:      layout_basic, chequers_temple_overflow_minitemple
D:4:      layout_basic, minmay_temple_entry_mini_moons
D:5:      layout_cave_pools, chequers_serial_rivers_micro_b, minmay_door_square
D:6:      layout_basic, palyth_temple_overflow_mages,
          chequers_serial_rivers_micro_d
D:7:      lemuel_ratsnest, layout_basic
D:8:      layout_rooms, gammafunk_temple_overflow_pools, uniq_pikel, uniq_psyche
D:9:      layout_basic, grunt_dithmenos_shadows, due_lair_maze_entry_diamond
D:10:     layout_basic, regret_index_temple_of_mockery, hiddenorc2_lemuel,
          serial_aquarium, aquarium_bridge_long_joined
          [aquarium_subvault_bridge, aquarium_subvault_wall,
          aquarium_subvault_bridge, aquarium_subvault_bridge,
          aquarium_subvault_balcony, aquarium_subvault_bridge],
          aquarium_bridge_straight [aquarium_subvault_bridge,
          aquarium_subvault_wall, aquarium_subvault_bridge,
          aquarium_subvault_window], aquarium_window_1, aquarium_window_1,
          aquarium_view_2f, aquarium_view_2e, aquarium_pool_2
D:11:     layout_rooms, uniq_grum, uniq_urug
Temple:   jpeg_temple_alley_garden

Skill      XL: |  1  2  3  4  5  6  7  8  9 10 11 |
---------------+----------------------------------+-----
Short Blades   | 2 3 4 5 6 |  6.4
Fighting       | 3 4 5 |  5.0
Dodging        | 2 4 5 |  5.0
Throwing       | 1 5 6 |  6.0
Stealth        | 3 5 |  5.0
Invocations    | 3 5 |  5.0
Spellcasting   | 5 8 10 | 10.3
Evocations     | 3 5 |  5.0
Armour         | |  0.7
Translocations | |  2.4

Action                   |  1- 3 |  4- 6 |  7- 9 | 10-12 || total
-------------------------+-------+-------+-------+-------++-------
Melee: Short sword       |    94 |       |       |       ||    94
       Dagger            |     9 |   128 |   422 |   217 ||   776
Throw: Dart              |       |    13 |    29 |    45 ||    87
       Boomerang         |       |       |       |    43 ||    43
Invok: Temporal Distorti |       |       |       |     3 ||     3
       Slouch            |       |       |       |     2 ||     2
Evoke: Wand              |       |       |    14 |     9 ||    23
  Use: Scroll            |       |       |     8 |     3 ||    11
 Stab: Sleeping          |     1 |       |     2 |     3 ||     6
       Distracted        |       |       |     2 |     1 ||     3
       Paralysed         |       |       |     2 |     2 ||     4
Armor: Leather armour    |    36 |    35 |    76 |    18 ||   165
       Troll leather arm |       |       |       |    36 ||    36
Dodge: Dodged            |    62 |    51 |   282 |   250 ||   645
